Map: Romanticide LE

Players

ScoTT - Winner!

  • Race: Terran Terran

Lorthril

  • Race: Zerg Zerg
  • League: Diamond

VOD

Have the link to the VOD?

Description

Thanks :D

Time

  • Played on: Aug. 28, 2021, 10:39 a.m.
  • Length: 21:01
Show
View Real Time Build Order
Export as new Build Order

ScoTT Terran - Winner!

Build Orders: Reaper Expand 

Get SALT Encoding   

  12  0:01  SCV  
  13  0:15  SCV  
  13  0:18  Supply Depot  
  14  0:27  SCV  
  15  0:39  SCV  
  15  0:42  Barracks  
  16  0:46  Refinery  
  16  0:51  SCV  
  17  1:04  SCV  
  18  1:16  SCV  
  19  1:29  Orbital Command  
  19  1:30  Reaper  
  20  1:40  Command Center  
  20  1:52  Barracks  
  20  1:56  SCV  
  21  2:02  Supply Depot  
  21  2:04  Barracks Reactor  
  21  2:09  SCV  
  21  2:13  Refinery  
  22  2:21  SCV  
  23  2:27  Factory  
  23  2:33  SCV  
  24  2:45  SCV  
  24  2:48  Marine, Barracks Tech Lab  
  24  2:49  Marine  
  27  2:52  Orbital Command  
  27  2:59  SCV  
  28  3:09  Marine  
  28  3:10  Marine x2  
  28  3:11  SCV  
  32  3:15  Starport, Factory Reactor  
  31  3:20  SCV  
  31  3:23  SCV  
  31  3:26  Stimpack  
  33  3:28  Supply Depot  
  33  3:32  SCV  
  33  3:33  Marine x2  
  36  3:35  Marine  
  36  3:37  SCV  
  38  3:44  SCV  
  39  3:49  SCV  
  39  3:50  Supply Depot  
  39  3:51  Marine x2  
  42  3:56  SCV  
  42  3:59  Marine  
  42  4:01  SCV  
  45  4:03  Medivac  
  45  4:05  Medivac  
  45  4:08  SCV  
  45  4:09  Marine x2  
  52  4:12  Supply Depot  
  52  4:14  Factory Tech Lab  
  52  4:15  SCV  
  53  4:17  Marine  
  53  4:20  SCV  
  55  4:27  Marine x2  
  55  4:28  SCV  
  58  4:32  SCV  
  58  4:35  Marine  
  60  4:40  Command Center  
  60  4:55  SCV x2  
  62  5:00  Engineering Bay  
  62  5:01  Engineering Bay  
  62  5:06  Combat Shield  
  62  5:07  SCV x2  
  62  5:11  Supply Depot  
  62  5:13  Barracks  
  64  5:15  Barracks  
  64  5:18  Barracks  
  64  5:19  Marine, SCV x2  
  64  5:20  Marine x2  
  69  5:31  SCV  
  69  5:33  SCV  
  69  5:34  Supply Depot  
  71  5:37  Marine x2  
  71  5:39  Widow Mine  
  71  5:41  Terran Infantry Weapons Level 1, Terran Infantry Armor Level 1  
  75  5:43  SCV  
  75  5:45  SCV  
  77  5:51  Marine  
  77  5:55  Marine, SCV  
  80  5:57  Marine  
  80  5:59  SCV  
  80  6:00  Orbital Command  
  82  6:04  Bunker  
  82  6:09  Marine, Supply Depot  
  83  6:15  Marine x2  
  83  6:18  Barracks Tech Lab, Barracks Reactor  
  83  6:19  Barracks Reactor  
  83  6:22  Missile Turret  
  83  6:23  SCV x2  
  81  6:26  Missile Turret  
  81  6:28  Missile Turret  
  79  6:35  SCV, Missile Turret x2  
  79  6:36  SCV  
  79  6:37  SCV  
  82  6:45  Marine x3  
  82  6:46  Marine  
  82  6:47  SCV  
  82  6:48  Concussive Shells, SCV  
  82  6:51  SCV  
  82  6:53  Refinery  
  81  6:54  Refinery  
  81  6:56  Armory x2  
  81  7:00  SCV x2  
  83  7:02  Supply Depot  
  83  7:03  Marine x2, SCV  
  86  7:12  SCV x2  
  86  7:15  SCV  
  89  7:17  Supply Depot  
  89  7:20  Supply Depot  
  89  7:22  Factory, Widow Mine  
  91  7:24  Marine x2, SCV x2, Factory  
  95  7:30  Supply Depot  
  95  7:53  Terran Infantry Weapons Level 2, Terran Infantry Armor Level 2  
  95  7:59  Drilling Claws  
  95  8:02  Command Center  
  95  8:03  Terran Vehicle And Ship Armor Level 1  
  95  8:05  SCV  
  96  8:06  Refinery  
  96  8:08  Refinery  
  96  8:09  SCV x2  
  98  8:17  SCV  
  99  8:21  SCV x2  
  101  8:40  Command Center  
  101  8:41  Missile Turret  
  87  8:44  Marine x3, Marauder x2  
  87  8:45  Factory Reactor x2  
  87  8:47  Widow Mine  
  87  8:48  Marine x3  
  98  8:51  SCV x3  
  98  8:54  Liberator x2  
  108  9:02  Marine x3, Sensor Tower, Terran Vehicle Weapons Level 1  
  111  9:03  SCV x3  
  111  9:05  Marine, Marauder x2  
  111  9:06  Marine x2  
  111  9:08  Widow Mine  
  123  9:15  Planetary Fortress, SCV  
  123  9:16  Missile Turret  
  124  9:22  Marine  
  124  9:23  Widow Mine  
  124  9:24  Widow Mine x3  
  133  9:26  Marauder  
  133  9:27  Marauder  
  133  9:29  SCV, Widow Mine  
  140  9:32  Refinery, SCV x2  
  140  9:34  Refinery  
  140  9:37  Medivac  
  144  9:41  SCV  
  145  9:48  Marauder  
  145  9:52  Planetary Fortress  
  147  9:55  Unknown  
  149  10:00  Marine, Marauder  
  138  10:09  Marauder  
  140  10:18  Terran Infantry Armor Level 3, Terran Infantry Weapons Level 3  
  142  10:21  Marauder  
  142  10:22  Marine x2  
  142  10:23  Marine x4  
  142  10:24  Widow Mine x3  
  142  10:25  Widow Mine x2  
  142  10:26  Terran Vehicle And Ship Armor Level 2  
  158  10:31  Marauder  
  160  10:40  Marine x6  
  160  10:42  Marauder  
  162  10:46  Widow Mine x4  
  162  10:48  Siege Tank  
  155  10:52  Marauder  
  155  10:55  Medivac x2  
  158  10:58  Marine x6  
  158  11:03  Marine  
  165  11:04  Barracks x2  
  165  11:05  Barracks  
  165  11:07  Barracks  
  165  11:12  Barracks  
  165  11:13  Marauder  
  165  11:15  Marine  
  165  11:16  Marine x3  
  165  11:18  Terran Vehicle Weapons Level 2  
  171  11:25  Supply Depot  
  171  11:33  Sensor Tower  
  171  11:39  Command Center  
  171  11:45  Marine  
  171  11:46  Marine x2, Siege Tank  
  171  11:47  Marauder x2  
  172  11:56  Marine  
  172  11:57  Marine x3  
  174  12:03  Marine, Fusion Core  
  174  12:04  Marine x2  
  174  12:06  Barracks Tech Lab x2, Barracks Reactor  
  174  12:08  Marauder x2  
  170  12:09  Barracks Reactor  
  170  12:14  Marine, Missile Turret  
  170  12:15  Marine x3  
  173  12:20  Missile Turret  
  173  12:22  Missile Turret  
  173  12:24  Missile Turret  
  173  12:29  Marauder x2  
  177  12:34  Missile Turret  
  177  12:35  Missile Turret  
  177  12:36  Missile Turret  
  177  12:45  Missile Turret  
  177  12:47  Missile Turret  
  177  12:48  Terran Vehicle And Ship Armor Level 3  
  177  12:54  Missile Turret, Marauder x2  
  177  12:55  Hi-Sec Auto Tracking, Neosteel Armor, Marine, Marauder x2  
  177  12:56  Marine x8  
  194  13:00  Planetary Fortress  
  194  13:15  Missile Turret  
  194  13:20  Marauder  
  194  13:26  Marine x2  
  194  13:28  Marine  
  194  13:29  Marauder x2  
  194  13:30  Marine x3  
  194  13:31  Marauder  
  194  13:32  Marine x2  
  193  13:34  Missile Turret  
  193  13:40  Rapid Reignition System  
  174  13:41  Marauder  
  174  13:42  Widow Mine x3  
  174  13:43  Widow Mine x2  
  174  13:44  Marine x2, Medivac x2  
  190  13:50  Terran Vehicle Weapons Level 3, Marauder  
  190  13:51  Marauder  
  190  13:54  Missile Turret  
  194  14:14  Missile Turret  
  194  14:19  Marauder  
  194  14:20  Widow Mine  
  193  14:24  Marauder  
  193  14:25  Marauder  
  193  14:26  Widow Mine, Marauder  
  190  14:34  Missile Turret  
  190  14:38  Marine x4  
  194  14:51  Marine, Widow Mine  
  194  15:14  Widow Mine  
  194  15:22  Marine  
  194  15:31  Marine  
  194  15:33  Marine x2  
  194  15:34  Marine x2, Marauder  
  194  15:37  Marauder  
  194  15:53  Terran Ship Weapons Level 1  
  194  16:02  Starport x2  
  194  16:03  Starport  
  194  16:04  Starport x2  
  194  16:05  Command Center  
  194  16:20  Marine  
  194  16:22  Marine  
  194  16:23  Marine  
  194  16:24  Marauder  
  194  16:25  Marine x3  
  194  16:27  Marine  
  194  16:29  Marine x2  
  194  16:30  Marine  
  194  16:31  Marine  
  194  16:32  Widow Mine  
  194  16:33  Marauder  
  194  16:37  Widow Mine  
  194  16:38  Marine, Marauder  
  194  16:55  Starport Tech Lab  
  194  16:56  Starport Tech Lab x3  
  194  17:03  Starport Tech Lab  
  194  17:06  Refinery  
  194  17:17  Widow Mine, Marauder x2  
  194  17:20  Refinery  
  200  17:43  Command Center  
  200  17:47  Missile Turret  
  200  17:49  Marine x2, Marauder  
  200  17:50  Marine x3  
  200  17:51  Marine, Marauder  
  200  17:52  Marine x4, Missile Turret  
  200  17:53  Marine  
  192  17:59  Marauder x2  
  196  18:07  Marine x2  
  196  18:08  Marine x2, Missile Turret  
  196  18:10  Planetary Fortress  
  196  18:12  Missile Turret  
  200  18:13  Missile Turret  
  200  18:16  Missile Turret x2  
  200  18:29  Missile Turret  
  200  18:33  Refinery  
  200  18:34  Sensor Tower, Missile Turret  
  200  18:35  Refinery  
  200  18:37  Missile Turret  
  200  18:38  Missile Turret  
  200  18:45  Refinery  
  200  18:48  Refinery  
  172  18:57  Sensor Tower  
  172  18:58  Battlecruiser  
  172  18:59  Battlecruiser x4  
  198  19:14  Marauder  
  198  19:29  Planetary Fortress  
Show
View Real Time Build Order
Export as new Build Order

Lorthril Zerg 

Build Orders: Hatch First, Lurkers 

Get SALT Encoding   

  12  0:00  Drone  
  13  0:13  Overlord  
  13  0:17  Drone  
  14  0:32  Drone x2  
  16  0:50  Hatchery  
  16  0:56  Drone  
  16  0:57  Drone  
  16  1:00  Drone  
  18  1:11  Extractor  
  18  1:16  Spawning Pool  
  16  1:19  Drone  
  16  1:23  Drone  
  18  1:30  Drone  
  19  1:40  Drone  
  20  1:50  Overlord  
  20  2:03  Queen x2  
  20  2:04  Zergling x4  
  26  2:12  Drone  
  26  2:13  Drone  
  28  2:15  Metabolic Boost  
  28  2:24  Drone  
  28  2:25  Drone  
  30  2:41  Hatchery  
  28  2:51  Overlord  
  28  2:52  Drone x2  
  30  3:01  Queen  
  30  3:13  Spore Crawler  
  29  3:23  Drone x6  
  29  3:24  Drone x2  
  38  3:33  Drone  
  39  3:43  Overlord  
  39  3:44  Drone x2  
  39  3:45  Drone  
  42  3:51  Drone  
  42  3:52  Drone  
  44  4:06  Drone x3  
  44  4:07  Overlord x2, Drone  
  44  4:08  Drone x4  
  52  4:14  Extractor  
  52  4:16  Extractor  
  50  4:19  Extractor  
  50  4:21  Drone  
  50  4:32  Queen x2  
  50  4:35  Lair  
  50  4:37  Drone x4  
  50  4:38  Drone  
  59  4:40  Evolution Chamber  
  59  4:44  Evolution Chamber  
  57  4:47  Baneling Nest  
  57  4:50  Overlord, Drone  
  57  5:00  Spore Crawler  
  57  5:02  Spore Crawler  
  57  5:05  Spore Crawler  
  54  5:08  Drone x2  
  54  5:09  Drone x2  
  54  5:10  Spine Crawler, Drone x3  
  54  5:12  Drone x2  
  62  5:18  Drone x2  
  64  5:30  Drone, Zergling x2  
  66  5:40  Overlord x2  
  66  5:45  Spine Crawler  
  65  5:50  Spore Crawler  
  65  5:52  Spine Crawler  
  63  5:58  Queen x2  
  63  5:59  Zergling x6  
  63  6:00  Zergling x6  
  73  6:08  Centrifical Hooks  
  62  6:34  Zergling x12  
  68  7:06  Hatchery  
  68  7:07  Hatchery  
  66  7:10  Overlord x4  
  60  7:16  Overlord  
  60  7:17  Overlord x3  
  60  7:19  Hatchery, Zerg Melee Weapons Level 1  
  60  7:20  Zerg Ground Armor Level 1  
  59  7:33  Zergling x10  
  64  7:41  Zergling x12  
  70  7:52  Zergling x4  
  70  7:57  Zergling x2  
  73  8:09  Baneling  
  73  8:10  Baneling x6  
  73  8:11  Baneling x6  
  73  8:12  Baneling x2  
  73  8:13  Baneling x6  
  73  8:14  Baneling  
  73  8:23  Zergling x20  
  83  8:28  Queen x4  
  84  8:44  Drone x4  
  84  8:45  Drone x3  
  91  8:50  Drone  
  92  9:00  Hydralisk Den  
  92  9:02  Spire  
  90  9:03  Queen  
  90  9:04  Queen  
  90  9:05  Infestation Pit  
  93  9:10  Drone  
  93  9:11  Drone x7  
  101  9:34  Drone x2  
  101  9:35  Drone x7  
  101  9:36  Overlord x2  
  110  9:43  Queen  
  112  9:49  Hydralisk x3  
  112  9:50  Hydralisk  
  112  9:52  Zerg Missile Weapons Level 1  
  120  9:54  Zerg Ground Armor Level 2  
  105  10:08  Zergling x2  
  105  10:09  Zergling x20  
  116  10:26  Zergling x20  
  126  10:40  Drone x4  
  111  10:58  Overseer x7  
  111  10:59  Overseer, Drone x2  
  111  11:00  Overlord x5  
  113  11:08  Extractor  
  113  11:09  Extractor  
  111  11:13  Mutalisk x8  
  111  11:14  Mutalisk x2  
  131  11:18  Hive  
  131  11:20  Muscular Augments  
  131  11:21  Hatchery  
  131  11:23  Drone x2  
  132  11:37  Zergling x22  
  125  11:54  Zergling x2  
  125  11:55  Zergling x18  
  132  12:06  Mutalisk x2  
  133  12:10  Hydralisk  
  133  12:11  Hydralisk x2  
  139  12:21  Hydralisk x2  
  139  12:22  Hydralisk x5  
  153  12:27  Lurker Den  
  152  12:30  Zerg Missile Weapons Level 2  
  152  12:31  Grooved Spines  
  152  12:35  Zergling x8  
  154  13:01  Hydralisk x2  
  154  13:02  Hydralisk x8  
  170  13:23  Zergling x4  
  170  13:24  Zergling x22  
  152  13:36  Hydralisk  
  152  13:37  Hydralisk x3  
  150  13:46  Hydralisk x2  
  154  13:48  Overlord  
  152  13:58  Seismic Spines  
  148  14:04  Lurker x2  
  148  14:05  Lurker x3  
  104  14:31  Hydralisk x6  
  109  14:44  Pneumatized Carapace  
  109  14:46  Zerg Ground Armor Level 3  
  103  14:54  Hydralisk x3  
  88  15:41  Hydralisk x3  
  94  15:45  Hatchery  
  93  15:55  Extractor  
  92  15:58  Extractor  
  63  16:38  Drone x14  
  75  17:05  Drone x4  
  79  17:21  Lurker  
  79  17:22  Lurker x6  
  86  17:24  Lurker  
  86  17:27  Lurker  
  86  17:28  Lurker  
  89  17:41  Hatchery  
  77  18:00  Hydralisk  
  77  18:01  Hydralisk x5  
  89  18:13  Drone x3  
  89  18:14  Drone x3  
  95  18:41  Hydralisk x9  
  103  18:52  Hydralisk x2  
  100  19:02  Drone x4  
  104  19:10  Drone x3  
  105  19:34  Hatchery  
  104  19:55  Queen  
  104  19:56  Queen x2  
  70  20:41  Zergling x2  
  70  20:42  Zergling x26  
Tags
 
Add a new tag
Caveats
  • Supply blocks, unpowered buildings, or Contaminate may cause inaccurate times.
  • Supply counts are checked every 10 seconds.